 Dungeon Crawl Stone Soup version 0.18-a0-1396-g8753ca6 (webtiles) character file.

7096 Kidiri the Thaumaturge (level 10, -1/50 HPs)
             Began as a Deep Elf Fire Elementalist on Feb 23, 2016.
             Was a Follower of Vehumet.
             Slain by a slime creature (8 damage)
             ... on level 9 of the Dungeon.
             The game lasted 01:15:12 (13697 turns).

Kidiri the Thaumaturge (DEFE)                      Turns: 13697, Time: 01:15:13

Health: -1/50      AC: 10    Str:  5    XL:     10   Next: 84%
Magic:  12/29      EV: 19    Int: 28    God:    Vehumet [*.....]
Gold:   1053       SH:  0    Dex: 15    Spells: 7 memorised, 12 levels left

rFire  + . .     SeeInvis .     y - +8 halberd "Pixkudul" {chop, *Corrode +Blink rElec rC++}
rCold  + . .     Gourm    .     h - +2 robe
rNeg   . . .     Faith    .     (shield currently unavailable)
rPois  .         Spirit   .     e - +0 helmet
rElec  +         Dismiss  .     s - +0 cloak
rCorr  .         Reflect  .     b - +0 pair of gloves
SustAt .         Harm     .     v - +0 pair of boots
MR     +....     Rnd*Rage +     (no amulet)
Stlth  ++++......               m - +4 ring of intelligence
                                o - ring of fire

@: somewhat resistant to hostile enchantments, stealthy
A: repulsion field 1, thin metallic scales 1, berserk 1, high mp 1, regeneration
1, MP-powered wands
a: Renounce Religion, Evoke Blink


You were on level 9 of the Dungeon.
You worshipped Vehumet.
Vehumet was aware of your devotion.
You were hungry.

You visited 2 branches of the dungeon, and saw 10 of its levels.
You also visited: Ossuary and Bailey.

You collected 1235 gold pieces.
You spent 182 gold pieces at shops.

Inventory:

Hand Weapons
 p - a +0 rapier
 y - the +8 halberd "Pixkudul" (weapon) {chop, *Corrode +Blink rElec rC++}
   (You found it on level 9 of the Dungeon)

   It inflicts extra damage upon your enemies.
   It greatly protects you from cold.
   It insulates you from electricity.
   It lets you blink.
   It may corrode your equipment when you take damage.
Missiles
 C - a throwing net (quivered)
Armour
 b - a +0 pair of gloves (worn)
 e - a +0 helmet (worn)
 h - a +2 robe (worn)
 s - a +0 cloak (worn)
 v - a +0 pair of boots (worn)
Jewellery
 a - an uncursed ring of positive energy
 f - an uncursed ring of positive energy
 g - an uncursed ring of stealth
 m - a +4 ring of intelligence (right hand)
 o - a ring of fire (left hand)
Wands
 n - a wand of polymorph (2/24)
 D - a wand of flame (48/48)
Scrolls
 d - 2 scrolls of immolation
 i - 2 scrolls of recharging
 k - 2 scrolls of remove curse
 l - 2 scrolls of teleportation
 w - a scroll of blinking
 F - a scroll of amnesia
 H - 2 scrolls of magic mapping
Potions
 q - 2 potions of heal wounds
 r - 4 potions of flight
 t - 2 potions of brilliance
 x - a potion of lignification
 A - 3 potions of curing
 E - 3 potions of cancellation
 G - 4 potions of haste
 I - a potion of ambrosia
Comestibles
 c - 9 bread rations
 u - 5 meat rations
 z - a royal jelly
 B - 2 beef jerkies
 J - 4 fruits


   Skills:
 + Level 7.9 Dodging
 + Level 8.0 Stealth
 * Level 11.3 Spellcasting
 + Level 6.6 Conjurations
 + Level 7.9 Hexes
 + Level 7.3 Fire Magic
 + Level 2.3 Ice Magic
 + Level 4.4 Evocations


You had 12 spell levels left.
You knew the following spells:

 Your Spells              Type           Power        Failure   Level  Hunger
a - Flame Tongue          Conj/Fire      #####        1%          1    None
b - Throw Flame           Conj/Fire      ######       1%          2    None
c - Conjure Flame         Conj/Fire      ######..     1%          3    None
d - Inner Flame           Hex/Fire       ######..     1%          3    None
e - Sticky Flame          Conj/Fire      ######..     1%          4    None
f - Fireball              Conj/Fire      ######....   8%          5    ###....
g - Freeze                Ice            ##..         1%          1    None


Dungeon Overview and Level Annotations

Branches:
Dungeon (9/15)             Temple (1/1) D:7             Orc (0/2) D:9
   Lair: D:8-11

Altars:
Ashenzari
Cheibriados
Dithmenos
Elyvilon
Fedhas
Gozag
Kikubaaqudgha
Makhleb
Nemelex Xobeh
Okawaru
Pakellas
Qazlal
Ru
Sif Muna
Trog
Vehumet
Xom
Yredelemnul
Zin
The Shining One

Shops:
D:8 *   D:9 (


Innate Abilities, Weirdness & Mutations

You are surrounded by a mild repulsion field (EV +2).
You are partially covered in thin metallic scales (AC +2).
You tend to lose your temper in combat.
You have an increased reservoir of magic (+10% MP).
Your natural rate of healing is unusually fast.
You expend magic power (3 MP) to strengthen your wands.


Message History

The flame tongue hits the slime creature.
The slime creature is moderately wounded.
The slime creature burns! x2
The slime creature is engulfed in roaring flames.
The slime creature hits you! The slime creature misses you.
Unknown command.
Casting: Flame Tongue
Confirm with . or Enter, or press ? or * to list all spells.
Aiming: Flame Tongue
Press: ? - help, Shift-Dir - straight line, f/p - slime creature
Aim: a slime creature (heavily wounded, covered in liquid flames)
You feel a surge of power!
The flame tongue hits the slime creature.
The slime creature is severely wounded.
The slime creature burns! x2
The slime creature is engulfed in roaring flames.
The slime creature hits you!
* * * LOW HITPOINT WARNING * * *
The slime creature hits you!
You die...

#....#..##..#...........#...###..
#....#+###..#.......J...##.[.#...
#....#......#[....####...........
#....#......#[....#,,#...........
#....#..##..#.....#,,#...........
#....#..##..#.....#,,#...........
.....#..#...#...J.#,,#...........
.....#..#####..JJ.#*+#........##+
.....#..#.......@.#,,###......#,,
.....#..'.........#,,,,#......#,,
#....####.........#,,,,#......#,,
#####.........<...#,,**#......#,,
.# #....####.....#,,*****,,,,*,,
.# #....# #.....#,,,,,,*,,,,*,,
.# #....# #.....+,,,,,,*,,,,*,,
## #....# #.....#*******,,,,***
###### ####### ******


You could see a large slime creature and 2 slime creatures.

Vanquished Creatures
  An unseen horror (D:5)
  Pikel (D:8)
  An orc knight (Bailey)
  Grinder (D:6)
  A slime creature (D:9)
  A wyvern (D:9)
  Menkaure (D:6)
  2 hippogriffs
  A hungry ghost (D:9)
  14 orc warriors
  An ice beast (D:6)
  3 sky beasts
  3 slaves (D:8)
  A necrophage (D:9)
  2 ogres (D:7)
  5 centaurs
  6 giant frogs
  A wyvern zombie (D:9)
  A water moccasin zombie (D:6)
  4 scorpions
  9 wights (D:7)
  A crimson imp (D:9)
  A giant frog zombie (D:8)
  A giant frog skeleton (D:7)
  A centaur skeleton (D:4)
  5 orc priests
  7 hounds
  3 jellies
  An iguana (D:7)
  4 orc wizards
  2 worker ants
  A big kobold zombie (Ossuary)
  2 hound zombies
  8 mummies (Ossuary)
  A hound skeleton (D:7)
  A worker ant zombie (D:5)
  Robin (D:3)
  12 adders
  3 gnolls (D:7)
  4 shadow imps
  A white imp (D:6)
  3 adder skeletons
  6 worms
  3 dart slugs (D:1)
  5 giant geckos
  35 orcs
  3 ball pythons
  8 bats
  4 giant cockroaches
  A gnoll zombie (Ossuary)
  19 goblins
  12 hobgoblins
  8 jackals (D:3)
  15 kobolds
  5 quokkas
  2 giant gecko zombies (D:7)
  4 giant newts
  3 hobgoblin zombies (Ossuary)
  A jackal skeleton (D:4)
  3 orc zombies (Ossuary)
  A quokka skeleton (D:7)
  8 rats
269 creatures vanquished.

Notes
Turn   | Place    | Note
--------------------------------------------------------------
     0 | D:1      | Kidiri the Deep Elf Fire Elementalist began the quest for the Orb.
     0 | D:1      | Reached XP level 1. HP: 10/10 MP: 6/6
   315 | D:1      | Reached XP level 2. HP: 15/15 MP: 4/8
   319 | D:1      | Learned a level 2 spell: Throw Flame
  1175 | D:2      | Reached XP level 3. HP: 19/19 MP: 1/10
  1180 | D:2      | Learned a level 3 spell: Conjure Flame
  1184 | D:2      | Learned a level 3 spell: Inner Flame
  1357 | D:2      | Reached skill level 1 in Hexes
  1721 | D:2      | Reached XP level 4. HP: 24/24 MP: 9/11
  1864 | D:2      | Reached skill level 4 in Spellcasting
  2313 | D:3      | Reached XP level 5. HP: 21/28 MP: 2/13
  2612 | D:3      | Learned a level 4 spell: Sticky Flame
  3703 | D:3      | Reached skill level 5 in Spellcasting
  3886 | D:3      | Noticed Robin
  4123 | D:3      | Killed Robin
  4123 | D:3      | Reached XP level 6. HP: 32/32 MP: 11/15
  4823 | D:4      | Found a snail-covered altar of Cheibriados.
  4899 | D:4      | Found a glowing silver altar of Zin.
  5137 | D:5      | Entered Level 5 of the Dungeon
  5473 | D:5      | Noticed an orc warrior
  5510 | D:5      | Killed an orc warrior
  5510 | D:5      | Reached skill level 6 in Spellcasting
  5510 | D:5      | Reached XP level 7. HP: 20/36 MP: 0/18
  5648 | D:5      | Learned a level 5 spell: Fireball
  5734 | D:5      | Gained mutation: You are partially covered in thin metallic scales (AC +2). [mutagenic meat]
  5735 | D:5      | Gained mutation: You are frail (-10% HP). [mutagenic meat]
  5782 | D:5      | Noticed an unseen horror
  5788 | D:5      | Killed an unseen horror
  5788 | D:5      | Reached skill level 5 in Dodging
  5788 | D:5      | Reached skill level 5 in Stealth
  5788 | D:5      | Reached skill level 7 in Spellcasting
  5788 | D:5      | Reached skill level 5 in Fire Magic
  5788 | D:5      | Reached XP level 8. HP: 16/36 MP: 7/21
  6816 | D:6      | Found a sand-covered staircase.
  6822 | Ossuary  | Entered an ossuary
  6831 | Ossuary  | Reached skill level 5 in Hexes
  7169 | D:6      | Noticed Grinder
  7192 | D:6      | Paralysed by Grinder for 5 turns
  7195 | D:6      | Killed Grinder
  7195 | D:6      | Reached skill level 8 in Spellcasting
  8165 | D:6      | Found a white marble altar of Elyvilon.
  8323 | D:6      | Reached XP level 9. HP: 27/40 MP: 18/23
  8572 | D:6      | Noticed Menkaure
  8578 | D:6      | Killed Menkaure
  8578 | D:6      | Reached skill level 1 in Evocations
  9145 | D:7      | Reached skill level 5 in Conjurations
  9150 | D:7      | Reached skill level 9 in Spellcasting
  9979 | D:7      | Reached skill level 10 in Spellcasting
 10138 | D:7      | Found a staircase to the Ecumenical Temple.
 10144 | Temple   | Entered the Ecumenical Temple
 10154 | Temple   | Became a worshipper of Vehumet
 10804 | D:8      | Found Miwuanwa's General Store.
 10809 | D:8      | Bought a potion of curing for 39 gold pieces
 10809 | D:8      | Bought 2 potions of curing for 78 gold pieces
 10809 | D:8      | Bought a potion of heal wounds for 65 gold pieces
 11178 | D:8      | Gained mutation: You are agile. (Dex +2) [mutagenic meat]
 11180 | D:8      | Gained mutation: You have an increased reservoir of magic (+10% MP). [mutagenic meat]
 11181 | D:8      | Gained mutation: Your natural rate of healing is unusually fast. [mutagenic meat]
 11187 | D:8      | Noticed Pikel
 11206 | D:8      | Killed Pikel
 11206 | D:8      | Reached XP level 10. HP: 41/45 MP: 13/28
 11542 | D:8      | Found a glowing golden altar of the Shining One.
 12175 | D:9      | Found Rurchoc's Weapon Shoppe.
 12193 | D:9      | Found a staircase to the Orcish Mines.
 12241 | D:9      | Found a flagged portal.
 12248 | D:9      | Reached * piety under Vehumet
 12248 | D:9      | Offered knowledge of Freeze by Vehumet.
 12257 | D:9      | Got a shimmering halberd
 12259 | D:9      | Identified the +8 halberd "Pixkudul" {chop, *Corrode +Blink rElec rC++} (You found it on level 9 of the Dungeon)
 12261 | Bailey   | Entered a bailey
 12261 | Bailey   | Noticed an orc knight
 12306 | Bailey   | HP: 1/45 [orc warrior/halberd (29)]
 12470 | Bailey   | Learned a level 1 spell: Freeze
 12481 | Bailey   | Killed an orc knight
 12481 | Bailey   | Reached skill level 1 in Ice Magic
 12537 | Bailey   | Reached skill level 11 in Spellcasting
 12831 | D:9      | Gained mutation: You tend to lose your temper in combat. [mutagenic meat]
 12832 | D:9      | Lost mutation: You are frail (-10% HP). [mutagenic meat]
 12833 | D:9      | Gained mutation: You expend magic power (3 MP) to strengthen your wands. [mutagenic meat]
 12835 | D:9      | Lost mutation: You are agile. (Dex +2) [mutagenic meat]
 12836 | D:9      | Gained mutation: You are surrounded by a mild repulsion field (EV +2). [mutagenic meat]
 13697 | D:9      | Slain by a slime creature

Vault maps used:
D:1:      lightli_arrival_lavapool
D:3:      kennysheep_goblin_castle
D:4:      lemuel_doored_altar, lemuel_coloured_pillars_altar, first_bread
D:6:      elyvilon_altar_5, nicolae_ossuary_entry_plus, uniq_menkaure,
          uniq_grinder
D:7:      temple_fountains, minmay_misc_feat_pillars, grunt_ogre_cave
D:8:      nicolae_tso_carved_into_rock, serial_shops, nicolae_shop_statue_plus,
          uniq_pikel
D:9:      orc_david_3, enter_bailey_2, minmay_strange_pillars
Temple:   lightli_temple_of_artemis
Ossuary:  ossuary_tomb_3
Bailey:   bailey_polearm_4, bailey

Skill      XL: |  1  2  3  4  5  6  7  8  9 10 |
---------------+-------------------------------+-----
Stealth        | 3 4 5 6 7 8 |  8.0
Conjurations   | 2 3 4 5 6 |  6.6
Dodging        | 3 4 5 6 7 |  7.9
Hexes          | 1 2 3 4 5 7 |  7.9
Spellcasting   | 4 5 6 7 8 10 11 | 11.3
Fire Magic     | 4 5 6 7 |  7.3
Evocations     | 3 4 |  4.4
Ice Magic      | 2 |  2.3

Action                   |  1- 3 |  4- 6 |  7- 9 | 10-12 || total
-------------------------+-------+-------+-------+-------++-------
Melee: Dagger            |     1 |       |    10 |       ||    11
       Rapier            |       |    11 |   267 |    14 ||   292
       Halberd           |       |       |       |     6 ||     6
 Cast: Flame Tongue      |    39 |    70 |   115 |    66 ||   290
       Throw Flame       |    16 |    57 |    36 |    30 ||   139
       Conjure Flame     |       |     6 |     7 |     1 ||    14
       Sticky Flame      |       |     3 |    23 |    12 ||    38
       Inner Flame       |       |     3 |    10 |     6 ||    19
       Fireball          |       |       |     1 |     3 ||     4
Evoke: Wand              |       |       |     6 |       ||     6
  Use: Scroll            |       |     4 |    14 |     1 ||    19
       Potion            |       |     1 |     6 |     6 ||    13
 Stab: Sleeping          |     1 |     2 |     9 |     5 ||    17
  Eat: Chunk             |     2 |    12 |    10 |     9 ||    33
       Royal jelly       |       |     1 |       |       ||     1
       Bread ration      |       |       |     2 |       ||     2
       Beef jerky        |       |       |     6 |       ||     6
